 Dungeon Crawl Stone Soup version 0.31-a0-564-g3b7de120b3 (webtiles) character file.

Game seed: 13721096554949419155

84 subawu the Trooper (level 4, -2/36 HPs)
             Began as a Demonspawn Chaos Knight on Aug 17, 2023.
             Was a Plaything of Xom.
             Slain by Terence
             ... wielding a +2 falchion of holy wrath
              (3 damage)
             ... on level 2 of the Dungeon.
             The game lasted 00:06:18 (1346 turns).

subawu the Trooper (Demonspawn Chaos Knight)        Turns: 1346, Time: 00:06:18

Health: -2/36      AC: 11    Str: 14    XL:     4   Next: 24%
Magic:  4/4        EV:  3    Int: 14    God:    Xom [.....*]
Gold:   80         SH:  3    Dex: 12    Spells: 3/3 levels left

rFire   . . .        i - +4 short sword
rCold   . . .        C - +0 buckler
rNeg    . . .        n - +0 plate armour
rPois   +            x - +0 hat
rElec   .            (no cloak)
rCorr   .            (no gloves)
SInv    .            (no boots)
Will    .....        (no amulet) Stlth
                     (no ring)
HPRegen 0.26/turn    (no ring)
MPRegen 0.09/turn

%: no passive effects
@: no status effects
A: weakness stinger 1, poison resistance, evolution 1, MP-powered wands
a: Renounce Religion


You were on level 2 of the Dungeon.
You worshipped Xom.
You were Xom's teddy bear.
You visited 1 branch of the dungeon, and saw 2 of its levels.

You collected 80 gold pieces.

Inventory:

Hand Weapons
 a - a +0 hand axe of chaos
 d - a +0 whip
 i - a +4 short sword (weapon)
 k - a +0 flail
 u - a +0 sling
 y - a +0 shortbow
Missiles
 j - 41 stones
Armour
 b - a +2 leather armour
 h - a +0 leather armour
 n - a +0 plate armour (worn)
 s - a +0 chain mail
 x - a +0 hat (worn)
 C - a +0 buckler (worn)
Jewellery
 l - a ring of wizardry
 t - the ring "Qatz" {Fly rF+ rC+}
   (Xom gifted it to you on level 1 of the Dungeon)

   [ring of flight]

   rF+:       It protects you from fire.
   rC+:       It protects you from cold.
   Fly:       It grants you flight.
 B - an amulet of faith
Wands
 z - a wand of digging (4)
Scrolls
 c - a scroll of butterflies
 e - a scroll of acquirement {unknown}
 g - a scroll of immolation {unknown}
 o - 5 scrolls of teleportation {unknown}
 v - 2 scrolls of vulnerability {unknown}
Potions
 f - a potion of might {unknown}
 m - 2 potions of mutation {unknown}
 p - 3 potions of enlightenment {unknown}
 q - a potion of degeneration {unknown}
 r - 2 potions of resistance {unknown}
 w - a potion of curing {unknown}
 A - a potion of attraction {unknown}


   Skills:
 + Level 3.6 Fighting
 + Level 3.3 Axes
 + Level 2.4 Armour
 + Level 1.9 Dodging


You had 3 spell levels left.
You didn't know any spells.
Your spell library was empty.

Dungeon Overview and Level Annotations

Branches:
Dungeon (2/15)

Altars:

Annotations:
D:2 Terence


Innate Abilities, Weirdness & Mutations

You have a small tail.
Your system is resistant to poisons. (rPois)
You have hidden genetic potential.
You expend magic power (3 MP) to strengthen your wands.


Message History

Terence the Incautious comes into view.
He is wielding a +2 falchion of holy wrath.
Terence shouts!
You hear an angry hiss.
A frilled lizard comes into view.
The frilled lizard hisses angrily.
Terence hits you with a +2 falchion of holy wrath!
You convulse!
You hit Terence.
Terence is lightly wounded.
Terence barely misses you.
You hit Terence.
You tail-slap Terence, but do no damage.
Terence is heavily wounded.
Terence hits you with a +2 falchion of holy wrath.
You convulse.
* * * LOW HITPOINT WARNING * * *
You hit Terence but do no damage.
Terence is heavily wounded.
Terence hits you with a +2 falchion of holy wrath.
* * * LOW HITPOINT WARNING * * *
You convulse.
* * * LOW HITPOINT WARNING * * *
You hit Terence but do no damage.
Terence is heavily wounded.
Terence barely misses you.
You hit Terence.
Terence is severely wounded.
Terence hits you but does no damage.
You hit Terence.
Terence is severely wounded.
Terence hits you but does no damage.
You hit Terence but do no damage.
Terence is severely wounded.
Terence hits you with a +2 falchion of holy wrath.
* * * LOW HITPOINT WARNING * * *
You convulse.
* * * LOW HITPOINT WARNING * * *
You hit Terence but do no damage.
Terence is severely wounded.
Terence hits you with a +2 falchion of holy wrath.
You die...

#.# ... ###
###########
#..@@l.....
#.#########
#.# ####
#.#
#...#####
#.#
###........
#.#
#.......###
####.####
#.##.##.#
#......[#
#.#####.#
#.##.##.#
#.......#


You could see Terence and a frilled lizard.

Vanquished Creatures
  A gnoll (D:1)
  2 adders (D:2)
  2 dart slugs
  2 ball pythons
  4 bats
  4 endoplasms
  A giant cockroach (D:1)
  5 hobgoblins
  3 jackals (D:1)
  6 frilled lizards
  4 kobolds (D:1)
  6 rats
40 creatures vanquished.

Vanquished Creatures (collateral kills)
  An adder (D:2)
  A jackal (D:1)
  A quokka (D:2)
  A rat (D:2)
4 creatures vanquished.

Vanquished Creatures (others)
  A kobold zombie (D:1)
1 creature vanquished.

Grand Total: 45 creatures vanquished

Notes
Turn   | Place    | Note
-------+----------+-------------------------------------------
     0 | D:1      | subawu the Demonspawn Chaos Knight began the quest for the
                  | Orb.
     0 | D:1      | Reached XP level 1. HP: 18/18 MP: 1/1
    31 | D:1      | Reached skill level 1 in Dodging
    37 | D:1      | XOM: divination: detect items
   135 | D:1      | XOM: silly message
   159 | D:1      | Discovered your monstrous ancestry.
   159 | D:1      | Gained mutation: You have a small tail. [demonic ancestry]
   159 | D:1      | Reached XP level 2. HP: 24/24 MP: 2/2
   177 | D:1      | XOM: noise
   247 | D:1      | Reached XP level 3. HP: 27/29 MP: 3/3
   564 | D:1      | Identified the ring "Qatz" {Fly rF+ rC+} (Xom gifted it to
                  | you on level 1 of the Dungeon)
   564 | D:1      | XOM: god gift: ring "Qatz" {Fly rF+ rC+}
   998 | D:2      | XOM: give mutations
   998 | D:2      | Gained mutation: You have hidden genetic potential. [Xom's
                  | grace]
   998 | D:2      | Gained mutation: You expend magic power (3 MP) to
                  | strengthen your wands. [Xom's grace]
   998 | D:2      | Gained mutation: Your system is resistant to poisons.
                  | (rPois) [Xom's grace]
  1005 | D:2      | XOM: summons friendly rust devil
  1021 | D:2      | Reached XP level 4. HP: 35/35 MP: 4/4
  1335 | D:2      | Noticed Terence
  1345 | D:2      | HP: 1/36 [Terence/+2 falchion of holy wrath (3)]
  1346 | D:2      | Slain by Terence

Illustrated notes

Levels and vault maps discovered:
D:1:      psy_arrival_spokes, layout_rooms
D:2:      layout_loops_ring, minmay_misc_feat_encased, uniq_terence

Skill      XL: |  1  2 |
---------------+-------+-----
Dodging        | 1 |  1.9
Armour         | 2 |  2.4
Axes           | 3 |  3.3
Fighting       | |  3.6

Action                     |  1- 3 |  4- 6 || total
---------------------------+-------+-------++-------
  Melee: Hand axe          |    26 |       ||    26
         Short sword       |    60 |    15 ||    75
         Tailslap          |     5 |     1 ||     6
 Armour: Leather armour    |    40 |       ||    40
         Plate armour      |    38 |    11 ||    49
  Dodge: Dodged            |    50 |     3 ||    53
  Block: Buckler           |       |     3 ||     3

Table legend: (Time is in decaauts)
 A = Elapsed time spent in this place.
 B = Non-inter-level travel time spent in this place.
 C = Inter-level travel time spent in this place.
 D = Time resting spent in this place.
 E = Time spent auto-exploring this place.
 F = Levels seen in this place.
 G = Mean time per level.
                   A        B        C        D        E       F      G
               +--------+--------+--------+--------+--------+-----+--------+
         Total |   1350 |   1212 |    138 |     16 |      0 |   2 |  675.0 |
       Dungeon |   1350 |   1212 |    138 |     16 |      0 |   2 |  675.0 |
               +--------+--------+--------+--------+--------+-----+--------+

Top non-repeatable levels by time:
     D:1: 794 daAuts
     D:2: 555 daAuts
